 Dungeon Crawl Stone Soup version 0.30-a0-964-gd452b5e7fa (webtiles) character file.

Game seed: 6628439487188733851

3940 retardedninja the Fighter (level 10, -5/91 HPs)
             Began as a Minotaur Fighter on Mar 29, 2023.
             Was an Initiate of Gozag.
             Slain by a komodo dragon (16 damage)
             ... on level 8 of the Dungeon on Mar 30, 2023.
             The game lasted 00:07:29 (6306 turns).

retardedninja the Fighter (Minotaur Fighter)        Turns: 6306, Time: 00:07:31

Health: -5/91      AC: 14    Str: 25    XL:     10   Next: 1%
Magic:  9/9        EV:  8    Int:  5    God:    Gozag
Gold:   505        SH:  6    Dex: 10    Spells: 9/9 levels left

rFire   . . .      SeeInvis .    a - +0 war axe
rCold   . . .      Faith    .    c - +0 buckler
rNeg    . . .      Spirit   .    n - +0 chain mail
rPois   .          Reflect  .    (helmet restricted)
rElec   .          Rampage  .    (no cloak)
rCorr   .                        h - +2 pair of gloves
Will    .....                    (no boots) Stlth
                                 (no amulet)
HPRegen 0.35/turn                (no ring)
MPRegen 0.11/turn                (no ring)

@: no status effects
A: horns 2, retaliatory headbutt
a: Renounce Religion, Potion Petition, Call Merchant, Bribe Branch


You were on level 8 of the Dungeon.
You worshipped Gozag.
Gozag was pleased with you.
You visited 2 branches of the dungeon, and saw 10 of its levels.

You collected 588 gold pieces.
You paid 83 gold pieces to Gozag.

Inventory:

Hand Weapons
 a - a +0 war axe (weapon)
Armour
 c - a +0 buckler (worn)
 h - a +2 pair of gloves (worn)
 n - a +0 chain mail (worn)
 t - a +0 cloak
 u - a +0 pair of boots
Jewellery
 k - a +6 ring of intelligence
 o - a ring of protection from fire
 v - a +4 ring of protection
Scrolls
 b - a scroll of torment {unknown}
 e - 2 scrolls of blinking {unknown}
 f - a scroll of vulnerability {unknown}
 g - 4 scrolls of teleportation
 i - 2 scrolls of amnesia
 m - 4 scrolls of magic mapping {unknown}
 p - a scroll of poison {unknown}
 q - a scroll of fog {unknown}
 w - a scroll of immolation {unknown}
 x - a scroll of brand weapon {unknown}
 y - 2 scrolls of identify
Potions
 d - 2 potions of might
 j - a potion of haste
 l - 2 potions of attraction
 r - 3 potions of curing
 s - a potion of heal wounds {unknown}
 z - 2 potions of brilliance {unknown}
 A - a potion of lignification {unknown}


   Skills:
 + Level 9.4 Fighting
 + Level 9.0 Axes
 + Level 9.4 Armour
 + Level 9.4 Shields


You had 9 spell levels left.
You didn't know any spells.
Your spell library contained the following spells:

 Spells                   Type           Power      Damage    Failure   Level
 Apportation              Tloc           0%         N/A       98%         1
 Necrotise                Necr           0%         1d4       98%         1
 Summon Small Mammal      Summ           0%         N/A       98%         1
 Static Discharge         Conj/Air       0%         2-2/arc   99%         2
 Call Canine Familiar     Summ           0%         N/A       100%        3
 Portal Projectile        Hex/Tloc       0%         N/A       100%        3
 Vhi's Electric Charge    Tloc/Air       0%         N/A       100%        3
 Leda's Liquefaction      Hex/Erth       0%         N/A       100%        4
 Arcjolt                  Conj/Air       0%         1d10      100%        5
 Plasma Beam              Fire/Air       0%         2x1d7     100%        5


Dungeon Overview and Level Annotations

Branches:
Dungeon (9/15)             Temple (1/1) D:6
   Lair: D:8-11         Orc: D:9-12

Altars:
Cheibriados
Dithmenos
Elyvilon
Fedhas
Gozag
Hepliaklqana
Kikubaaqudgha
Qazlal
Ru
Sif Muna
Trog
Uskayaw
Vehumet
Yredelemnul
The Shining One

Shops:
D:7 [


Innate Abilities, Weirdness & Mutations

You have a pair of horns on your head.
You reflexively headbutt those who attack you in melee.


Message History

The kobold brigand is distracted by your dazzling golden aura.
Your Axes skill increases to level 9!
You have reached level 10!
You see here 16 gold pieces.
Unknown command.
You miss the kobold brigand.
The kobold brigand is no longer distracted by gold.
The kobold brigand shouts!
The kobold brigand is almost dead.
You hear an angry hiss.
The kobold brigand hits you but does no damage.
A komodo dragon comes into view.
You hit the kobold brigand.
You kill the kobold brigand!
Unknown command.
Things that are here:
9 gold pieces; a +0 club; 4 poisoned darts Unknown command.
Unknown command.
You see here 16 gold pieces.
Unknown command.
The komodo dragon bites you!
Unknown command.
You closely miss the komodo dragon. You block the komodo dragon's attack.
Unknown command.
You barely miss the komodo dragon. The komodo dragon bites you!!
* * * LOW HITPOINT WARNING * * *
Unknown command.
You slash the komodo dragon!
The komodo dragon is moderately wounded.
The komodo dragon bites you but does no damage.
Unknown command.
Unknown command.
You slash the komodo dragon!
The komodo dragon is heavily wounded.
The komodo dragon bites you!!
* * * LOW HITPOINT WARNING * * *
You feel better. The komodo dragon bites you!
You die...
Your body crumbles into a pile of gold.

.. $......#... ...
.....#... . ...
.....#.. #. #.
..###.....###.? #.
#...#........... #..
#...#...........
.#...#...#..........
#.....###$$$..###..
......l@.$.$.#...# .
...........$.#...#...
.............#...#...
..###.....###.....###
. ...#...#...........
#...#...#...........
#...#...#...........
.....###.....###....
..
...........)#...#...


You could see a komodo dragon.

Vanquished Creatures
  Pikel (D:4)
  A komodo dragon (D:8)
  A hornet (D:9)
  A vampire (D:9)
  3 steam dragons
  Menkaure (D:4)
  A water moccasin (D:5)
  4 black bears
  3 ice beasts (D:7)
  5 ogres
  A lemure (D:3)
  3 kobold brigands
  3 bullfrogs
  A scorpion (D:6)
  3 killer bees (D:6)
  A howler monkey (D:6)
  A gnoll bouda (D:6)
  A hound (D:6)
  4 orc priests
  A sleepcap (D:6)
  3 iguanas
  6 orc wizards
  4 gnolls (D:6)
  8 adders
  A shadow imp (D:7)
  A white imp (D:6)
  2 ufetubi
  2 dart slugs
  12 orcs
  5 ball pythons
  12 bats
  5 endoplasms
  4 giant cockroaches
  9 goblins
  6 hobgoblins
  3 jackals (D:2)
  3 quokkas
  9 frilled lizards
  20 kobolds
  3 rats
158 creatures vanquished.

Vanquished Creatures (others)
  37 fungi (D:8)
  39 plants
76 creatures vanquished.

Grand Total: 234 creatures vanquished

Notes
Turn   | Place    | Note
-------+----------+-------------------------------------------
     0 | D:1      | retardedninja the Minotaur Fighter began the quest for the
                  | Orb.
     0 | D:1      | Reached XP level 1. HP: 19/19 MP: 0/0
   161 | D:1      | Reached XP level 2. HP: 27/27 MP: 1/1
   779 | D:2      | Reached XP level 3. HP: 32/33 MP: 2/2
   931 | D:2      | Reached XP level 4. HP: 41/41 MP: 3/3
  1975 | D:3      | Upgraded the game from 0.30-a0-956-gcec3b41aec to
                  | 0.30-a0-964-gd452b5e7fa
  2253 | D:4      | Noticed a black bear
  2254 | D:4      | Noticed a lemure
  2254 | D:4      | Noticed a lemure
  2254 | D:4      | Noticed a lemure
  2254 | D:4      | Noticed a lemure
  2255 | D:4      | Noticed Pikel
  2259 | D:4      | Killed a black bear
  2260 | D:4      | Reached skill level 5 in Fighting
  2260 | D:4      | Reached skill level 5 in Shields
  2260 | D:4      | Reached XP level 5. HP: 44/48 MP: 4/4
  2268 | D:3      | Killed a lemure
  2285 | D:4      | Killed Pikel
  2286 | D:4      | Reached skill level 5 in Axes
  2286 | D:4      | Reached XP level 6. HP: 42/57 MP: 5/5
  2286 | D:4      | Reached XP level 7. HP: 46/63 MP: 6/6
  2361 | D:4      | Found an opulent altar of Gozag.
  2474 | D:4      | Noticed Menkaure
  2482 | D:4      | Killed Menkaure
  3114 | D:5      | Entered Level 5 of the Dungeon
  3189 | D:5      | Reached XP level 8. HP: 51/71 MP: 7/7
  3260 | D:5      | Found a basalt altar of Yredelemnul.
  3424 | D:5      | Found the +6 shillelagh "Devastator" {shatter}
  4136 | D:6      | Reached XP level 9. HP: 42/81 MP: 8/8
  4784 | D:6      | Found a staircase to the Ecumenical Temple.
  4912 | Temple   | Entered the Ecumenical Temple
  4998 | D:4      | Became a worshipper of Gozag Ym Sagoz the Greedy
  5483 | D:7      | Found Ces Xouph's Armour Emporium.
  5701 | D:7      | You fall into a shaft and drop 2 floors!
  5701 | D:9      | Found a radiant altar of Vehumet.
  5701 | D:9      | Found a sacrificial altar of Ru.
  6282 | D:8      | Noticed a komodo dragon
  6294 | D:8      | Killed a komodo dragon
  6295 | D:8      | Reached XP level 10. HP: 54/91 MP: 9/9
  6305 | D:8      | HP: 4/91 [komodo dragon (19)]
  6306 | D:8      | Slain by a komodo dragon

Illustrated notes

Levels and vault maps discovered:
D:1:      lightli_arrival_chessboard, layout_basic
D:2:      layout_basic
D:3:      layout_loops_cross, minmay_misc_feat_chi, roderic_serpentine_path
D:4:      minmay_spotlight, layout_gridville,
          nicolae_gozag_cash_rules_everything_around_me,
          minmay_misc_feat_hallway, uniq_pikel, uniq_menkaure
D:5:      layout_basic, mainiacjoe_overflow_cross_hatched,
          minmay_misc_feat_four_crosses, dilly_guarded_unrand_devastator
D:6:      layout_rooms, minmay_temple_entry_trees
D:7:      layout_loops_ring, serial_shops, kennysheep_mini,
          small_statue_alley_b, kennysheep_generic_room_4
D:8:      nicolae_hitomezashi [nicolae_hito_row, nicolae_hito_row,
          nicolae_hito_row, nicolae_hito_row, nicolae_hito_row,
          nicolae_hito_row, nicolae_hito_row, nicolae_hito_row,
          nicolae_hito_row, nicolae_hito_row, nicolae_hito_row,
          nicolae_hito_row, nicolae_hito_row, nicolae_hito_row,
          nicolae_hito_row, nicolae_hito_row, nicolae_hito_row,
          nicolae_hito_row], layout_loops_ring, makhleb_grotto_becter,
          due_lair_maze_entry_diamond, serial_shops, kennysheep_mini_moat,
          st_stairs_8
D:9:      corexii_shack_village, layout_cross, marbit_many_paths,
          gammafunk_temple_overflow_wave
Temple:   nicolae_temple_bog_church

Skill      XL: |  1  2  3  4  5  6  7  8  9 |
---------------+----------------------------+-----
Armour         | 4 6 7 9 |  9.4
Fighting       | 4 5 6 8 9 |  9.4
Shields        | 4 5 6 8 9 |  9.4
Axes           | 3 4 5 6 7 9 |  9.0

Action                     |  1- 3 |  4- 6 |  7- 9 | 10-12 || total
---------------------------+-------+-------+-------+-------++-------
  Melee: War axe           |    70 |   102 |   192 |     6 ||   370
         Headbutt          |     8 |    11 |    31 |       ||    50
    Use: Scroll            |       |       |     7 |       ||     7
         Potion            |       |       |     6 |     1 ||     7
   Stab: Invisible         |       |       |     6 |       ||     6
 Armour: Scale mail        |    46 |    10 |       |       ||    56
         Chain mail        |       |    73 |   164 |     2 ||   239
  Dodge: Dodged            |    45 |    53 |   103 |       ||   201
  Block: Buckler           |    21 |    32 |    54 |     1 ||   108

Table legend: (Time is in decaauts)
 A = Elapsed time spent in this place.
 B = Non-inter-level travel time spent in this place.
 C = Inter-level travel time spent in this place.
 D = Time resting spent in this place.
 E = Time spent auto-exploring this place.
 F = Levels seen in this place.
 G = Mean time per level.
                   A        B        C        D        E       F      G
               +--------+--------+--------+--------+--------+-----+--------+
         Total |   6395 |   6117 |    278 |   1275 |   3781 |  10 |  639.5 |
       Dungeon |   6354 |   6091 |    263 |   1275 |   3764 |   9 |  706.0 |
        Temple |     40 |     25 |     15 |      0 |     16 |   1 |   40.0 |
               +--------+--------+--------+--------+--------+-----+--------+

Top non-repeatable levels by time:
     D:6: 1160 daAuts
     D:4: 900 daAuts
     D:3: 835 daAuts
     D:1: 748 daAuts
     D:2: 745 daAuts
     D:5: 722 daAuts
     D:7: 652 daAuts
     D:9: 500 daAuts
     D:8: 90 daAuts
  Temple: 40 daAuts
